 Dungeon Crawl Stone Soup version 0.29.1-13-g9f3cf754e1 (webtiles) character file.

Game seed: 1114188496623117286

1158 hbarley the Cleaver (level 8, -6/69 HPs)
             Began as a Hill Orc Fighter on Feb 1, 2023.
             Mangled by an ogre
             ... wielding a +0 giant club
              (11 damage)
             ... on level 4 of the Dungeon.
             The game lasted 00:12:51 (5018 turns).

hbarley the Cleaver (Hill Orc Fighter)              Turns: 5018, Time: 00:12:51

Health: -6/69      AC: 16    Str: 19    XL:     8   Next: 39%
Magic:  8/8        EV:  5    Int:  8    God:
Gold:   220        SH:  5    Dex: 12    Spells: 7/7 levels left

rFire   . . .      SeeInvis .   a - +0 war axe
rCold   . . .      Faith    .   c - +0 buckler
rNeg    . . .      Spirit   .   n - +0 plate armour
rPois   .          Reflect  .   o - +2 hat
rElec   .          Harm     .   (no cloak)
rCorr   .          Rampage  .   (no gloves)
Will    .....                   s - +1 pair of boots
Stlth   ..........              (no amulet)
HPRegen 0.21/turn               (no ring)
MPRegen 0.11/turn               (no ring)

@: no status effects
A: no striking features
a: no special abilities


You were on level 4 of the Dungeon.
You visited 1 branch of the dungeon, and saw 5 of its levels.

You collected 346 gold pieces.
You spent 126 gold pieces at shops.

Inventory:

Hand Weapons
 a - a +0 war axe (weapon)
Armour
 b - a +0 scale mail
 c - a +0 buckler (worn)
 f - a +0 pair of boots
 m - a +0 helmet
 n - a +0 plate armour (worn)
 o - a +2 hat (worn)
 s - a +1 pair of boots (worn)
Wands
 p - a wand of flame (17)
 w - a wand of charming (2)
 y - a wand of iceblast (6)
Scrolls
 e - a scroll of immolation {unknown}
 g - 6 scrolls of teleportation
 h - a scroll of blinking {unknown}
 i - 4 scrolls of identify
 j - a scroll of amnesia {unknown}
 k - a scroll of enchant armour {unknown}
 l - a scroll of magic mapping {unknown}
 r - a scroll of poison {unknown}
 x - a scroll of vulnerability {unknown}
Potions
 d - 3 potions of might
 q - 3 potions of curing
 t - a potion of magic {unknown}
 u - 3 potions of lignification
 v - 3 potions of heal wounds


   Skills:
 + Level 5.6 Fighting
 + Level 9.8 Axes
 + Level 5.9 Armour
 + Level 0.5 Dodging
 + Level 0.1 Stealth
 + Level 4.2 Shields
 + Level 0.5 Evocations


You had 7 spell levels left.
You didn't know any spells.
Your spell library contained the following spells:

 Spells                   Type           Power      Damage    Failure   Level
 Passage of Golubria      Tloc           0%         N/A       100%        4
 Silence                  Hex/Air        0%         N/A       100%        5
 Lehudib's Crystal Spear  Conj/Erth      0%         10d2      100%        8


Dungeon Overview and Level Annotations

Branches:
Dungeon (5/15)
 Temple: D:4-7

Altars:
Ru

Shops:
D:1 [   D:3 [   D:4 (


Message History

The iguana bites you but does no damage.
You block the jelly's attack.
You slash the jelly!
You kill the jelly!
You hit the iguana. You block the iguana's attack. The iguana bites you!
You barely miss the iguana.
The iguana is moderately wounded.
The iguana bites you but does no damage.
You hit the iguana but do no damage.
The iguana is moderately wounded.
The iguana bites you.
You slash the iguana!
The iguana is almost dead.
The iguana bites you but does no damage.
You hit the iguana.
You kill the iguana!
There is a stone staircase leading down, spattered with blood here.
You start resting.
HP restored.
You can't go up here!
You climb downwards.
There is a stone staircase leading up, spattered with blood here.
You block the ogre's attack. The steam dragon breathes steam at you.
The ball of steam hits you!
You climb upwards.
There is a stone staircase leading down, spattered with blood here.
You barely miss the ogre.
The ogre hits you with a +0 giant club!!
You hit the ogre.
The ogre is moderately wounded.
You hit the ogre.
The ogre is heavily wounded.
The ogre hits you with a +0 giant club!!
* * * LOW HITPOINT WARNING * * *
You hit the ogre.
The ogre is severely wounded.
The ogre hits you with a +0 giant club!
You die...

### ############ ##.##
#.........@# ##...##
#.#.###.##O######.....#####
#.#.###.##.#...............
#.#.##.......####..>..#####
#.#.##..##.#######).).#
#######..#.#.........)......#
........###..###.########.###
#######..#>#.....# #......#
........#.##..#### #.######


You could see an ogre.

Vanquished Creatures
  Pikel (D:4)
  Grinder (D:4)
  A steam dragon (D:4)
  A lemure (D:4)
  2 jellies
  A hound (D:4)
  An iguana (D:4)
  2 orc wizards (D:4)
  Terence (D:2)
  4 adders
  3 ufetubi (D:5)
  A worm (D:3)
  3 dart slugs (D:3)
  7 orcs (D:4)
  2 ball pythons
  6 endoplasms
  8 giant cockroaches
  4 goblins
  10 hobgoblins
  5 jackals
  2 quokkas
  5 bats
  4 frilled lizards
  7 kobolds
  6 rats
88 creatures vanquished.

Vanquished Creatures (others)
  A scorpion (D:4)
  A hound (D:5)
  An adder (D:5)
  A quokka (D:5)
  8 fungi (D:2)
  5 toadstools (D:2)
17 creatures vanquished.

Grand Total: 105 creatures vanquished

Notes
Turn   | Place    | Note
-------+----------+-------------------------------------------
     0 | D:1      | hbarley the Hill Orc Fighter began the quest for the Orb.
     0 | D:1      | Reached XP level 1. HP: 19/19 MP: 1/1
   215 | D:1      | Reached XP level 2. HP: 27/27 MP: 2/2
   310 | D:1      | Reached skill level 3 in Axes
   405 | D:1      | Found Utao's Antique Armour Shop.
   933 | D:2      | Found a sacrificial altar of Ru.
   991 | D:2      | Reached XP level 3. HP: 33/33 MP: 3/3
  1575 | D:1      | Bought an embroidered hat for 126 gold pieces
  1691 | D:2      | Noticed Terence
  1698 | D:2      | Killed Terence
  1699 | D:2      | Reached skill level 4 in Axes
  1699 | D:2      | Reached XP level 4. HP: 22/40 MP: 4/4
  2494 | D:3      | Found a faded altar of an unknown god.
  2542 | D:3      | Found Wastiozi's Antique Armour Emporium.
  3148 | D:4      | Reached skill level 5 in Axes
  3148 | D:4      | Reached XP level 5. HP: 46/46 MP: 5/5
  3369 | D:4      | Reached skill level 6 in Axes
  3558 | D:4      | Noticed Grinder
  3558 | D:4      | Paralysed by Grinder for 3 turns
  3568 | D:4      | Paralysed by Grinder for 4 turns
  3582 | D:4      | Killed Grinder
  3583 | D:4      | Reached skill level 7 in Axes
  3583 | D:4      | Reached XP level 6. HP: 30/53 MP: 6/6
  3738 | D:4      | Found Bununaw's Weapon Shoppe.
  3917 | D:4      | Noticed Pikel
  3926 | D:4      | Killed Pikel
  3927 | D:4      | Reached skill level 5 in Fighting
  3927 | D:4      | Reached skill level 9 in Axes
  3927 | D:4      | Reached skill level 5 in Armour
  3927 | D:4      | Reached XP level 7. HP: 35/61 MP: 7/7
  3927 | D:4      | Reached XP level 8. HP: 40/69 MP: 8/8
  4280 | D:5      | Entered Level 5 of the Dungeon
  5018 | D:4      | Mangled by an ogre

Illustrated notes

Levels and vault maps discovered:
D:1:      saegor_arrival_under_anarchy, layout_loops_ring, serial_shops,
          shop_fountains, item_on_display_a
D:2:      layout_loops_corners, basic_altar, minmay_gold_behind_fungi,
          uniq_terence
D:3:      layout_loops_ring, serial_shops, nicolae_square_shop,
          hellmonk_ecumenical_altar_pennies_from_heaven
D:4:      layout_loops_ring, serial_shops, nicolae_shop_bloodbath_and_beyond,
          uniq_grinder, uniq_pikel
D:5:      layout_rooms, gammafunk_temple_overflow_forgotten

Skill      XL: |  1  2  3  4  5  6 |
---------------+-------------------+-----
Fighting       | 4 5 |  5.6
Axes           | 3 4 5 7 9 |  9.8
Armour         | 4 5 |  5.9
Shields        | 4 |  4.2
Dodging        | |  0.5
Stealth        | |  0.1
Evocations     | |  0.5

Action                   |  1- 3 |  4- 6 |  7- 9 || total
-------------------------+-------+-------+-------++-------
Melee: War axe           |    92 |   131 |    49 ||   272
Evoke: Wand              |       |     2 |       ||     2
  Use: Scroll            |       |     4 |       ||     4
       Potion            |       |     1 |     1 ||     2
Armor: Scale mail        |    36 |       |       ||    36
       Plate armour      |     2 |    97 |    52 ||   151
Dodge: Dodged            |    50 |    29 |    16 ||    95
Block: Buckler           |    17 |    22 |    18 ||    57
